 Dungeon Crawl Stone Soup version 0.31-a0-303-gdc8c9485ea (webtiles) character file.

Game seed: 16997881877646634971

12373 shakesphere1979 the Fighter (level 11, 0/74 HPs)
             Began as a Gargoyle Berserker on July 16, 2023.
             Was a High Priest of Trog.
             Slain by an elephant (6 damage)
             ... on level 1 of the Lair of Beasts on July 17, 2023.
             The game lasted 01:16:59 (11349 turns).

shakesphere1979 the Fighter (Gargoyle Berserker)   Turns: 11349, Time: 01:17:00

Health: 0/74       AC: 27    Str: 31    XL:     11   Next: 92%
Magic:  11/11      EV: 11    Int:  3    God:    Trog [*****.]
Gold:   654        SH:  0    Dex: 18    Spells: 10/10 levels left

rFire   . . .        a - +1 flail (flame)
rCold   + . .        (no shield)
rNeg    + . .        L - +1 chain mail {rPois} rPois โˆž
                     F - +0 helmet
rElec   +            u - +0 cloak "Toaz" {Rampage rC+ Int-5 Dex+3}
rCorr   .            J - +0 pair of gloves
SInv    .            s - +1 pair of boots
Will    .....        v - amulet of regeneration Stlth
                     D - +6 ring of dexterity
HPRegen 1.12/turn    N - +6 ring of strength
MPRegen 0.12/turn

%: rampage
@: no status effects
A: sickness immunity, AC +8, negative energy resistance 1, electricity
resistance, torment resistance 1, petrification resistance
a: Renounce Religion, Berserk, Trog's Hand, Brothers in Arms


You were on level 1 of the Lair of Beasts.
You worshipped Trog.
Trog was extremely pleased with you.
You visited 2 branches of the dungeon, and saw 11 of its levels.
You also visited: Sewer.

You collected 886 gold pieces.
You spent 232 gold pieces at shops.

Inventory:

Hand Weapons
 a - a +1 flail of flaming (weapon)
 b - the +9 longbow of Jennyad {heavy, Dex+6}
   (You found it on level 4 of the Dungeon)

   Dex:       It affects your dexterity (+6).
 k - a +0 mace
 G - a +2 mace of holy wrath
 T - a +1 great mace of flaming
Missiles
 j - 94 stones
 m - 2 throwing nets
 M - 48 poisoned darts
 Q - a curare-tipped dart
Armour
 s - a +1 pair of boots (worn)
 u - the +0 cloak "Toaz" (worn) {Rampage rC+ Int-5 Dex+3}
   (You found it on level 5 of the Dungeon)

   Int:       It affects your intelligence (-5).
   Dex:       It affects your dexterity (+3).
   rC:        It protects you from cold.
   Rampage:   It bestows one free step when moving towards enemies.
 y - a +0 troll leather armour
 F - a +0 helmet (worn)
 J - a +0 pair of gloves (worn)
 L - a +1 chain mail of poison resistance (worn)
Jewellery
 p - a ring of see invisible
 t - an amulet of magic regeneration
 v - an amulet of regeneration (around neck)
 w - a +4 ring of protection
 D - a +6 ring of dexterity (left hand)
 N - a +6 ring of strength (right hand)
 R - a ring of resist corrosion
Wands
 o - a wand of paralysis (10)
 E - a wand of acid (10)
 K - a wand of flame (22)
Scrolls
 c - a scroll of immolation
 d - 3 scrolls of teleportation
 e - a scroll of fear
 l - a scroll of poison
 n - a scroll of blinking
 A - 2 scrolls of enchant armour
 C - 4 scrolls of revelation
 H - a scroll of identify
 P - 3 scrolls of fog {unknown}
Potions
 f - 9 potions of curing
 g - 2 potions of resistance
 h - a potion of degeneration {unknown}
 i - 2 potions of attraction
 q - 2 potions of mutation {unknown}
 r - 2 potions of haste
 x - a potion of brilliance {unknown}
 z - a potion of ambrosia {unknown}
 B - 5 potions of might
 I - 2 potions of heal wounds {unknown}
 O - 4 potions of enlightenment
 S - 2 potions of invisibility


   Skills:
 - Level 11.0 Fighting
 + Level 9.4 Maces & Flails
 + Level 5.0 Ranged Weapons
 - Level 10.0 Armour
 - Level 3.0 Dodging
 - Level 4.0 Stealth
 + Level 6.8 Evocations


You had 10 spell levels left.
You didn't know any spells.
Your spell library was empty.

Dungeon Overview and Level Annotations

Branches:
Dungeon (10/15)            Temple (0/1) D:7            Lair (1/5) D:8
    Orc (0/2) D:10          Sewer (visited)

Altars:
Ashenzari
Elyvilon
Fedhas
Hepliaklqana
Makhleb
Nemelex Xobeh
Okawaru
Qazlal
Ru
Sif Muna
Trog
Uskayaw
Vehumet
Yredelemnul
Zin

Shops:
D:5 [   D:8 (

Annotations:
D:9 2 transporters


Innate Abilities, Weirdness & Mutations

You are immune to sickness and miasma.
Your stone body is resilient. (AC +8)
You are immune to poison.
You resist negative energy. (rN+)
You are resistant to electric shocks. (rElec)
You are resistant to unholy torment.
You are immune to petrification.


Message History

The elephant tramples you but does no damage.
The elephant trunk-slaps you but does no damage.
The elephant tramples you!
* * * LOW HITPOINT WARNING * * *
You stumble backwards!
The elephant tramples you!
* * * LOW HITPOINT WARNING * * *
You stumble backwards!
The elephant tramples you but does no damage.
The elephant trunk-slaps you but does no damage.
The elephant closely misses you.
The elephant trunk-slaps you but does no damage.
The elephant tramples you but does no damage.
The elephant barely misses you. The elephant tramples you!
* * * LOW HITPOINT WARNING * * *
You stumble backwards!
The elephant tramples you.
* * * LOW HITPOINT WARNING * * *
You stumble backwards!
The elephant tramples you.
* * * LOW HITPOINT WARNING * * *
You hold your ground!
The elephant completely misses you. The elephant closely misses you. x2
The elephant barely misses you.
The elephant trunk-slaps you but does no damage.
The elephant tramples you but does no damage.
The elephant trunk-slaps you but does no damage.
The elephant barely misses you. The elephant closely misses you.
The elephant completely misses you.
The elephant trunk-slaps you but does no damage.
The elephant tramples you but does no damage.
The elephant barely misses you.
The elephant tramples you but does no damage.
The elephant trunk-slaps you but does no damage.
The elephant tramples you!
* * * LOW HITPOINT WARNING * * *
You hold your ground!
The elephant barely misses you. The elephant tramples you.
You die...

...................
#.#P..#............ .
......#.........# ..
#...#.........## ...
##.............P# #..
#..............# #... .
#...######...#.........#####...
..#............#.................
....####...#####@.#.##...####.#..
....รท......YYYYYY.#....#.#.....#.
#####.#.########..#....P.+.......
###.# #...#............#. #.#
##..######.#....... #..
#...............#. ..#
#.........#.....#. ..#
#...............#. .#.
.........~โ‰ˆ~~โ‰ˆ~.#.


You could see 6 elephants.

Vanquished Creatures
  Josephine (D:10)
  2 two-headed ogres (D:10)
  A manticore (D:10)
  A cane toad (Lair:1)
  A rime drake (D:8)
  2 kobold demonologists (D:10)
  A komodo dragon (D:8)
  4 trolls
  The ghost of drugrobin the Poker, an amateur DgDe (D:3)
  2 hornets
  A polar bear (D:8)
  Prince Ribbit (D:7)
  A slime creature (D:10)
  Sigmund (D:3)
  4 wraiths (D:10)
  A shadow (D:9)
  A wyvern (D:8)
  5 yaks
  Menkaure (D:7)
  3 water moccasins
  Duvessa (D:7)
  2 black bears (D:8)
  3 orc warriors
  6 ice beasts
  An ogre (D:6)
  7 centaurs
  A phantom (D:5)
  6 kobold brigands
  5 bullfrogs
  A gnoll sergeant (D:10)
  Dowan (D:7)
  11 killer bees
  2 howler monkeys (D:8)
  3 electric eels
  9 hounds
  5 orc priests
  3 jellies
  A gnoll bouda (D:7)
  2 iguanas
  Natasha (thrice) (D:3)
  9 orc wizards
  18 gnolls
  3 river rats (Sewer)
  11 adders
  A white imp (D:6)
  An ufetubus (D:5)
  4 worms
  5 dart slugs
  40 orcs
  11 ball pythons
  6 bats
  8 endoplasms
  7 giant cockroaches
  10 goblins
  5 hobgoblins
  8 jackals
  21 kobolds
  11 quokkas
  9 frilled lizards
  24 rats
  A spectral orc (D:8)
321 creatures vanquished.

Notes
Turn   | Place    | Note
-------+----------+-------------------------------------------
     0 | D:1      | shakesphere1979 the Gargoyle Berserker began the quest for
                  | the Orb.
     0 | D:1      | Reached XP level 1. HP: 14/14 MP: 1/1
   120 | D:1      | Reached XP level 2. HP: 4/19 MP: 2/2
   199 | D:1      | Reached skill level 1 in Stealth
   426 | D:1      | Found a faded altar of an unknown god.
   784 | D:1      | Reached XP level 3. HP: 23/23 MP: 3/3
   801 | D:1      | Reached ** piety under Trog
  1152 | D:2      | Reached skill level 4 in Fighting
  1152 | D:2      | Reached XP level 4. HP: 3/29 MP: 4/4
  1777 | D:2      | Reached XP level 5. HP: 28/33 MP: 5/5
  2309 | D:3      | Noticed Sigmund
  2373 | D:3      | Noticed Natasha
  2377 | D:3      | Killed Natasha
  2621 | D:3      | Found a runed translucent gate.
  2622 | D:3      | Found a runed translucent gate.
  2622 | D:3      | Found a runed translucent gate.
  2624 | D:3      | Noticed drugrobin's ghost (amateur DgDe)
  2624 | D:3      | You fall into a shaft and drop 2 floors!
  2624 | D:5      | Entered Level 5 of the Dungeon
  2652 | D:5      | Reached XP level 6. HP: 39/39 MP: 6/6
  2917 | D:5      | Identified the +0 cloak "Toaz" {Rampage rC+ Int-5 Dex+3}
  3012 | D:4      | Reached skill level 5 in Fighting
  3029 | D:4      | Found a glowing drain.
  3040 | D:4      | Reached *** piety under Trog
  3110 | Sewer    | Entered a sewer
  3232 | Sewer    | Reached XP level 7. HP: 44/44 MP: 7/7
  3595 | D:4      | Reached skill level 1 in Evocations
  3705 | D:4      | Found a bloodstained altar of Trog.
  3716 | D:4      | Reached skill level 5 in Armour
  3716 | D:4      | Reached **** piety under Trog
  3758 | D:4      | Identified the +9 longbow of Jennyad {heavy, Dex+6}
  4051 | D:4      | Found a broken altar of Ashenzari.
  4055 | D:4      | Saw a vision of the Swamp and the Spider Nest.
  4055 | D:4      | Noticed a thorn hunter
  4055 | D:4      | Noticed a will-o-the-wisp
  4055 | D:4      | Noticed a vampire mosquito
  4055 | D:4      | Noticed a spriggan rider
  4055 | D:4      | Noticed a bloated husk
  4055 | D:4      | Noticed a redback
  4055 | D:4      | Noticed a wolf spider
  4055 | D:4      | Noticed a demonic crawler
  4055 | D:4      | Noticed a redback
  4055 | D:4      | Noticed a culicivora
  4055 | D:4      | Noticed a moth of wrath
  4055 | D:4      | Noticed an entropy weaver
  4055 | D:4      | Noticed a meliai
  4055 | D:4      | Noticed a pharaoh ant
  4055 | D:4      | Noticed a jumping spider
  4055 | D:4      | Noticed a tyrant leech
  4056 | D:4      | Noticed a swamp dragon
  4056 | D:4      | Noticed a redback
  4056 | D:4      | Noticed a bunyip
  4057 | D:4      | Noticed a pharaoh ant
  4318 | D:5      | Found Mudyrie's Antique Armour Boutique.
  4486 | D:5      | Reached skill level 6 in Fighting
  4591 | D:5      | Reached XP level 8. HP: 51/51 MP: 8/8
  4759 | D:5      | Bought a glowing chain mail for 232 gold pieces
  5169 | D:6      | Reached skill level 7 in Fighting
  5323 | D:6      | Found a stormy altar of Qazlal.
  5767 | D:7      | Found a shimmering blue altar of Sif Muna.
  5819 | D:7      | Reached skill level 5 in Evocations
  5988 | D:7      | Noticed Prince Ribbit
  6005 | D:7      | Killed Prince Ribbit
  6006 | D:7      | Reached XP level 9. HP: 52/57 MP: 9/9
  6044 | D:7      | Noticed Duvessa
  6049 | D:7      | Killed Duvessa
  6119 | D:7      | Noticed Dowan
  6128 | D:7      | Killed Dowan
  6189 | D:7      | Reached ***** piety under Trog
  6192 | D:7      | Reached skill level 8 in Fighting
  6319 | D:7      | Identified the +0 leather armour of the Swamp {Rampage
                  | *Corrode rC++}
  6493 | D:7      | Noticed Menkaure
  6536 | D:7      | Killed Menkaure
  6537 | D:7      | Reached skill level 5 in Maces & Flails
  6582 | D:7      | Found a sacrificial altar of Ru.
  6733 | D:7      | Found a staircase to the Ecumenical Temple.
  6861 | D:7      | Upgraded the game from 0.31-a0-277-g31ea1f65cc to
                  | 0.31-a0-303-gdc8c9485ea
  6930 | D:8      | Noticed a rime drake
  6931 | D:8      | Noticed a polar bear
  7139 | D:8      | Reached skill level 9 in Fighting
  7156 | D:8      | Reached XP level 10. HP: 66/66 MP: 10/10
  7281 | D:8      | Found a staircase to the Lair.
  7454 | D:8      | Found Ysysupn's Weapon Emporium.
  7746 | D:8      | Found a basalt altar of Yredelemnul.
  7987 | D:9      | Reached skill level 10 in Fighting
  8093 | D:9      | Found a burning altar of Makhleb.
  8118 | D:9      | Received a gift from Trog
  8158 | D:9      | Found a transporter.
  8279 | D:9      | Found a transporter.
  8476 | D:9      | Found a blossoming altar of Fedhas.
  8476 | D:9      | Found an iron altar of Okawaru.
  8856 | D:3      | Killed Sigmund
  8861 | D:3      | Noticed Natasha
  8862 | D:3      | Found a hide-covered altar of Uskayaw.
  8875 | D:3      | Killed Natasha
  9031 | D:3      | Found a white marble altar of Elyvilon.
  9060 | D:3      | Noticed Natasha
  9068 | D:3      | Killed Natasha
  9069 | D:3      | Reached skill level 11 in Fighting
  9140 | D:3      | Killed drugrobin's ghost
  9345 | D:10     | Entered Level 10 of the Dungeon
  9429 | D:10     | Reached skill level 1 in Ranged Weapons
  9429 | D:10     | Reached XP level 11. HP: 36/74 MP: 11/11
  9623 | D:10     | Found a staircase to the Orcish Mines.
  9647 | D:10     | Noticed a manticore
  9661 | D:10     | Killed a manticore
  9661 | D:10     | Noticed a two-headed ogre
  9673 | D:10     | Killed a two-headed ogre
 10277 | D:10     | Noticed Josephine
 10377 | D:10     | Noticed a two-headed ogre
 10389 | D:10     | Killed a two-headed ogre
 10390 | D:10     | Reached skill level 10 in Armour
 10632 | D:10     | Killed Josephine
 10656 | D:10     | Found a radiant altar of Vehumet.
 10657 | D:10     | Found a sparkling altar of Nemelex Xobeh.
 10659 | D:10     | Found a glowing silver altar of Zin.
 10661 | D:10     | Found a hazy altar of Hepliaklqana.
 10803 | Lair:1   | Entered Level 1 of the Lair of Beasts
 10921 | Lair:1   | Received a gift from Trog
 10922 | Lair:1   | Reached skill level 5 in Ranged Weapons
 11349 | Lair:1   | Slain by an elephant

Illustrated notes

Levels and vault maps discovered:
D:1:      ebering_trefoil_3fold, layout_basic,
          shapermc_ecumenical_altar_pompeii, serial_bayou_lagoon_a,
          corexii_corridor_pit
D:2:      minmay_recursive_quarters, layout_loops_ring
D:3:      layout_rooms, general_overflow_altar,
          nicolae_uskayaw_murder_on_the_dancefloor, biasface_ghost_orc_armoury,
          uniq_natasha, uniq_sigmund
D:4:      cheibrodos_barr_body, layout_loops_ring, grunt_ashenzari_visionary
          [grunt_ashenzari_visionary_swamp, grunt_ashenzari_visionary_spider],
          mainiacjoe_overflow_catwalk, portal_sewer_entry_b
D:5:      layout_basic, serial_shops, nicolae_shop_peninsula
D:6:      layout_basic, nicolae_overflow_hidden_temple,
          nicolae_concentric_dashed_squares_wild, lexackson_kobold_supper
D:7:      layout_cave_pods, kennysheep_mini_moat, amcnicky_altar_gilded,
          minmay_temple_entry_enclosed_plants, uniq_duvessa, uniq_menkaure,
          uniq_prince_ribbit1
D:8:      layout_basic, yredelemnul_forgotten_temple_becter,
          hellmonk_lair_entry_icy, serial_shops, shop, amcnicky_mini_pool_medium
D:9:      gammafunk_cloud_chamber, layout_cave_pools, mainiacjoe_overflow_paths,
          mainiacjoe_overflow_large_starburst
D:10:     hangedman_cross_stitches, layout_loops_ring, minitemple, serial_bayou,
          serial_bayou_pond_a, serial_bayou_lake_a, serial_bayou_crossing,
          serial_bayou_pond_e, uniq_josephine
Lair:1:   layout_chaotic_city, eino_small_chamber_without_monster,
          lemuel_fruit_tree, infiniplex_staircase_pool, grunt_megastairs_4,
          uniq_maggie

Skill      XL: |  1  2  3  4  5  6  7  8  9 10 11 |
---------------+----------------------------------+-----
Stealth        | 1 2 3 4 |  4.0
Dodging        | 2 3 |  3.0
Fighting       | 4 5 6 7 9 11 | 11.0
Armour         | 3 4 5 6 8 9 10 | 10.0
Evocations     | 2 5 6 |  6.8
Maces & Flails | 5 8 9 |  9.4
Ranged Weapons | 1 5 |  5.0

Action                     |  1- 3 |  4- 6 |  7- 9 | 10-12 || total
---------------------------+-------+-------+-------+-------++-------
  Melee: Mace              |    96 |     2 |       |       ||    98
         Punch             |     2 |       |     2 |     4 ||     8
         Flail             |       |   172 |   320 |   348 ||   840
   Fire: Longbow           |       |       |       |    20 ||    20
 Invoke: Berserk           |     2 |     2 |     4 |     4 ||    12
    Use: Scroll            |       |     6 |     6 |    10 ||    22
         Potion            |       |       |     3 |       ||     3
   Stab: Sleeping          |     1 |     7 |     6 |       ||    14
         Distracted        |       |       |     1 |       ||     1
 Armour: Animal skin       |    39 |   101 |     8 |       ||   148
         Chain mail        |       |       |   335 |   309 ||   644
         Ring mail         |       |       |    36 |       ||    36
  Dodge: Dodged            |    82 |   193 |   336 |   280 ||   891

Table legend: (Time is in decaauts)
 A = Elapsed time spent in this place.
 B = Non-inter-level travel time spent in this place.
 C = Inter-level travel time spent in this place.
 D = Time resting spent in this place.
 E = Time spent auto-exploring this place.
 F = Levels seen in this place.
 G = Mean time per level.
                   A        B        C        D        E       F      G
               +--------+--------+--------+--------+--------+-----+--------+
         Total |  12071 |  11493 |    578 |      0 |   6040 |  12 | 1005.9 |
       Dungeon |  11075 |  10498 |    577 |      0 |   5748 |  10 | 1107.5 |
          Lair |    544 |    544 |      0 |      0 |     68 |   1 |  544.0 |
         Sewer |    452 |    452 |      0 |      0 |    224 |   1 |  452.0 |
               +--------+--------+--------+--------+--------+-----+--------+

Top non-repeatable levels by time:
    D:10: 1484 daAuts
     D:7: 1404 daAuts
     D:1: 1263 daAuts
     D:5: 1174 daAuts
     D:2: 1170 daAuts
     D:8: 1158 daAuts
     D:6: 1009 daAuts
     D:4: 860 daAuts
     D:9: 781 daAuts
     D:3: 767 daAuts
  Lair:1: 544 daAuts
   Sewer: 452 daAuts
